 Dungeon Crawl Stone Soup version 0.24.0-125-gc4c63601f3 (webtiles) character file.

Game seed: 8114488965448323638, levelgen mode: deterministic

1799 praxLeonis the Archer (level 8, -1/71 HPs)
             Began as a Centaur Hunter on Mar 19, 2020.
             Slain by a killer bee (6 damage)
             ... on level 5 of the Dungeon.
             The game lasted 00:34:45 (5665 turns).

praxLeonis the Archer (Centaur Hunter)              Turns: 5665, Time: 00:34:46

Health: -1/71      AC:  9    Str: 16    XL:     8   Next: 83%
Magic:  8/8        EV:  4    Int: 10    God:
Gold:   267        SH:  0    Dex: 11    Spells: 7/7 levels left

rFire    . . .     SeeInvis .   a - +1 shortbow
rCold    . . .     Gourm    .   (shield currently unavailable)
rNeg     . . .     Faith    .   y - +0 chain mail
rPois    .         Spirit   .   w - +0 helmet
rElec    .         Reflect  .   (no cloak)
rCorr    .         Harm     .   p - +0 pair of gloves
MR       +....                  (no barding)
Stlth    ..........             k - amulet of regeneration
HPRegen  0.61/turn              x - ring of protection from magic
MPRegen  0.11/turn              (no ring)

@: lethally poisoned (-1 -> -1), very quick
A: large, hooves 3, deformed body, speed 2, tough skin 3
a: no special abilities


You were on level 5 of the Dungeon.
You were not hungry.

You visited 1 branch of the dungeon, and saw 5 of its levels.

You collected 267 gold pieces.

Inventory:

Hand Weapons
 a - a +1 shortbow (weapon)
 b - a +0 war axe
Missiles
 d - 18 arrows (quivered)
 A - 2 boomerangs
Armour
 p - a +0 pair of gloves (worn)
 w - a +0 helmet (worn)
 y - a +0 chain mail (worn)
 D - a +0 helmet
Jewellery
 k - an amulet of regeneration (around neck)
 x - a ring of protection from magic (left hand)
Wands
 c - a wand of flame (22)
 l - a wand of random effects (20)
 u - a wand of iceblast (8)
Scrolls
 g - a scroll of enchant armour {unknown}
 h - 2 scrolls of teleportation
 j - a scroll of noise
 m - 3 scrolls of remove curse {unknown}
 n - 2 scrolls of magic mapping {unknown}
 o - 3 scrolls of amnesia {unknown}
 r - 3 scrolls of random uselessness {unknown}
 s - 3 scrolls of immolation {unknown}
 z - a scroll of enchant weapon {unknown}
 B - 2 scrolls of identify
 C - a scroll of fog {unknown}
Potions
 i - 2 potions of might
Comestibles
 f - 6 rations
 v - a chunk of flesh


   Skills:
 + Level 6.8 Fighting
 * Level 12.8 Bows
 - Level 1.3 Dodging
 - Level 0.4 Stealth


You had 7 spell levels left.
You didn't know any spells.
Your spell library was empty.

Dungeon Overview and Level Annotations

Branches:
Dungeon (5/15)
 Temple: D:4-7

Altars:
Kikubaaqudgha
Trog
Vehumet

Annotations:
D:4 1 runed translucent door, Crazy Yiuf


Innate Abilities, Weirdness & Mutations

You have hooves in place of feet.
Armour fits poorly on your strangely shaped body.
You cover ground very quickly.
You have extremely tough skin. (AC +3)


Message History

Your extra speed is starting to run out.
You feel sick.
You float gracefully downwards.
You feel a little less mighty now.
You feel yourself slow down.
You feel sick.
Found a robe.
Firing (i - inventory. (/) - cycle)
d - 20 arrows (quivered)
Press: ? - help, Shift-Dir - straight line, f/p - killer bee
Aim: a killer bee (severely wounded)
You shoot an arrow.
The arrow completely misses the killer bee.
The killer bee stings you.
* * * LOW HITPOINT WARNING * * *
Firing (i - inventory. (/) - cycle)
d - 19 arrows (quivered)
Press: ? - help, Shift-Dir - straight line, f/p - killer bee
Aim: a killer bee (severely wounded)
You shoot an arrow. The arrow barely misses the killer bee.
You feel sick. The killer bee stings you.
You die...

#.# #.#....#
#######.#####.#....#
...........##.#....#
...........##.#..(.#
...........##.#....#
#######.#####y#....#
#######.# #.#..(.#
###..>....#####.#....#
#....@y.....(...#....#
#[#.#############....#
# #......# #.##...#
#.##...# #.##...#
#.##...# #.##....
#.##..##


You could see a killer bee.

Vanquished Creatures
  Pikel (D:4)
  Sigmund (D:3)
  2 ogres
  2 slaves (D:4)
  A bullfrog (D:4)
  Blork the orc (D:4)
  2 scorpions
  3 killer bees (D:5)
  A howler monkey (D:4)
  A crimson imp (D:5)
  A jelly (D:5)
  A gnoll shaman (D:5)
  A hound (D:4)
  2 orc wizards (D:5)
  An iguana (D:5)
  3 worker ants
  A hound zombie (D:5)
  Robin (D:3)
  5 adders
  14 gnolls
  2 oozes (D:1)
  4 worms
  A dart slug (D:1)
  8 leopard geckos
  16 orcs
  2 ball pythons
  6 giant cockroaches
  14 goblins
  9 hobgoblins
  10 jackals
  A quokka (D:4)
  4 bats
  5 frilled lizards
  3 kobolds
  A quokka skeleton (D:4)
  6 rats
137 creatures vanquished.

Notes
Turn   | Place    | Note
-------+----------+-------------------------------------------
     0 | D:1      | praxLeonis the Centaur Hunter began the quest for the Orb.
     0 | D:1      | Reached XP level 1. HP: 17/17 MP: 1/1
    50 | D:1      | Reached XP level 2. HP: 22/24 MP: 2/2
   502 | D:1      | Reached skill level 6 in Bows
   774 | D:1      | Reached XP level 3. HP: 30/30 MP: 3/3
  1484 | D:2      | Reached XP level 4. HP: 38/38 MP: 4/4
  2030 | D:3      | Reached skill level 7 in Bows
  2585 | D:3      | Reached XP level 5. HP: 43/45 MP: 5/5
  2948 | D:3      | Noticed Sigmund
  2969 | D:3      | Killed Sigmund
  2969 | D:3      | Reached skill level 8 in Bows
  2969 | D:3      | Reached XP level 6. HP: 37/52 MP: 6/6
  3159 | D:3      | Noticed Robin
  3169 | D:3      | Killed Robin
  3188 | D:3      | Reached skill level 9 in Bows
  3676 | D:4      | Noticed Blork the orc
  3691 | D:4      | Killed Blork the orc
  3691 | D:4      | Reached XP level 7. HP: 52/60 MP: 7/7
  3820 | D:4      | Found a bloodstained altar of Trog.
  3933 | D:4      | Found a radiant altar of Vehumet.
  3964 | D:4      | Noticed Pikel
  4083 | D:4      | Killed Pikel
  4083 | D:4      | Reached skill level 5 in Fighting
  4083 | D:4      | Reached skill level 11 in Bows
  4083 | D:4      | Reached XP level 8. HP: 70/70 MP: 8/8
  4426 | D:4      | Found a runed translucent door.
  4427 | D:4      | Noticed Crazy Yiuf
  4586 | D:5      | Entered Level 5 of the Dungeon
  4705 | D:5      | Reached skill level 12 in Bows
  5441 | D:5      | Found an ancient bone altar of Kikubaaqudgha.
  5665 | D:5      | Slain by a killer bee

Levels and vault maps discovered:
D:1:      minmay_arrival_four_houses, layout_loops_ring, minmay_hexomino_f4
D:2:      layout_basic, first_ration
D:3:      layout_rooms, serial_bayou_crossing, uniq_sigmund, uniq_robin
D:4:      layout_basic, overflow_temple_1_default,
          nicolae_overflow_hidden_temple, uniq_pikel, uniq_blork_the_orc,
          uniq_crazy_yiuf_cottage
D:5:      layout_basic, nicolae_overflow_crystal_walls, skrybe_limestone_x

Skill      XL: |  1  2  3  4  5  6  7  8 |
---------------+-------------------------+-----
Bows           | 6 7 8 9 11 12 | 12.8
Fighting       | 3 4 5 6 |  6.8
Dodging        | |  1.3
Stealth        | |  0.4

Action                   |  1- 3 |  4- 6 |  7- 9 || total
-------------------------+-------+-------+-------++-------
Melee: Short sword       |    88 |    29 |       ||   117
       Kick              |    10 |    23 |    19 ||    52
       War axe           |       |    40 |    85 ||   125
 Fire: Shortbow          |    31 |   157 |   172 ||   360
Evoke: Wand              |       |       |     1 ||     1
  Use: Scroll            |       |     4 |       ||     4
       Potion            |       |       |     4 ||     4
  Eat: Chunk             |     1 |     6 |     4 ||    11
Armor: Leather armour    |    30 |     2 |       ||    32
       Ring mail         |       |    28 |       ||    28
       Chain mail        |       |    33 |   101 ||   134
Dodge: Dodged            |    44 |    34 |    32 ||   110
